 Dungeon Crawl Stone Soup version 0.31-a0-988-g08d55da (webtiles) character file.

Game seed: 12264094695862420805

21338 skewfiend the Earth Mage (level 12, -1/67 HPs)
             Began as a Gargoyle Earth Elementalist on Nov 2, 2023.
             Was an Elder of Vehumet.
             Slain by a death yak (5 damage)
             ... on level 3 of the Lair of Beasts on Nov 3, 2023.
             The game lasted 00:54:43 (13456 turns).

skewfiend the Earth Mage (GrEE)                    Turns: 13456, Time: 00:54:43

Health: -1/67      AC: 18    Str: 11    XL:     12   Next: 88%
Magic:  19/26      EV: 11    Int: 22    God:    Vehumet [****..]
Gold:   693        SH:  4    Dex: 10    Spells: 8/32 levels left

rFire   + + .        K - staff of earth
rCold   + . .        q - +0 buckler
rNeg    + . .        X - +0 troll leather armour
rPois   ∞            f - +0 helmet
rElec   +            S - scarf {rC+ rF+}
rCorr   .            x - +1 pair of gloves
SInv    .            F - +2 pair of boots
Will    .....        (no amulet)
Stlth   ++           w - ring of wizardry
HPRegen 1.11/turn    D - ring of protection from fire
MPRegen 0.20/turn

%: wizardry (x1)
@: no status effects
A: sickness immunity, AC +8, negative energy resistance 1, electricity
resistance, torment resistance 1, petrification resistance
a: Renounce Religion


You were on level 3 of the Lair of Beasts.
You worshipped Vehumet.
Vehumet was greatly pleased with you.
You visited 3 branches of the dungeon, and saw 13 of its levels.
You also visited: Ossuary.

You collected 693 gold pieces.

Inventory:

Hand Weapons
 s - a +2 spear of venom
 v - a +3 falchion
 W - a +1 sling of flaming
Missiles
 c - 83 stones
 j - a curare-tipped dart
 M - 26 poisoned darts
Armour
 f - a +0 helmet (worn)
 q - a +0 buckler (worn)
 x - a +1 pair of gloves (worn)
 F - a +2 pair of boots (worn)
 I - a +0 scale mail of willpower
 S - a scarf of resistance (worn)
 X - a +0 troll leather armour (worn)
Magical Staves
 K - a staff of earth (weapon)
Jewellery
 w - a ring of wizardry (left hand)
 D - a ring of protection from fire (right hand)
Wands
 p - a wand of charming (15)
 y - a wand of iceblast (31)
 J - a wand of digging (6)
 P - a wand of light (21)
 Z - a wand of flame (10)
Scrolls
 a - a scroll of torment {unknown}
 d - a scroll of poison
 g - 4 scrolls of noise {unknown}
 h - 2 scrolls of immolation
 k - a scroll of silence
 n - 2 scrolls of fog
 o - a scroll of enchant weapon {unknown}
 t - 3 scrolls of identify
 u - a scroll of amnesia
 A - a scroll of brand weapon {unknown}
 C - a scroll of acquirement {unknown}
 V - 3 scrolls of teleportation
Potions
 b - 2 potions of magic
 i - 2 potions of curing
 l - 2 potions of brilliance
 m - a potion of lignification
 r - 2 potions of might
 z - 2 potions of haste
 B - 5 potions of resistance
 E - a potion of mutation
 G - a potion of berserk rage {unknown}
 H - 2 potions of enlightenment
 O - 2 potions of invisibility
 Q - a potion of cancellation
 Y - a potion of degeneration {unknown}
Miscellaneous
 N - a box of beasts


   Skills:
 + Level 4.5 Fighting
 + Level 4.0 Armour
 - Level 1.5 Dodging
 - Level 2.1 Stealth
 + Level 3.8 Shields
 + Level 10.5 Spellcasting
 * Level 9.4 Conjurations
 - Level 0.7 Transmutations
 - Level 3.0 Fire Magic
 + Level 16.6 Earth Magic


You had 8 spell levels left.
You knew the following spells:

 Your Spells              Type           Power      Damage    Failure   Level
a - Sandblast             Erth           100%       2d20      0%          1
b - Brom's Barrelling Bo  Conj/Erth      80%        2d9       1%          4
c - Stone Arrow           Conj/Erth      100%       3d13      1%          3
d - Animate Armour        Summ/Erth      100%       N/A       1%          4
e - Sticky Flame          Conj/Fire      38%        2d6       1%          4
f - Lehudib's Crystal Sp  Conj/Erth      40%        10d10     30%         8

Your spell library contained the following spells:

 Spells                   Type           Power      Damage    Failure   Level
 Volatile Blastmotes      Fire/Tloc      36%        2d13      2%          3
 Passwall                 Tmut/Erth      54%        N/A       1%          2
 Petrify                  Tmut/Erth      65%        N/A       1%          4
 Ignite Poison            Fire/Tmut/Pois 17%        N/A       2%          3
 Apportation              Tloc           22%        N/A       4%          1
 Wereblood                Tmut           14%        N/A       4%          2
 Irradiate                Conj/Tmut      16%        3d17      4%          5
 Jinxbite                 Hex            22%        N/A       6%          2
 Ozocubu's Armour         Ice            11%        N/A       12%         3
 Alistair's Intoxication  Tmut/Pois      8%         N/A       65%         5
 Summon Forest            Summ/Tloc      5%         N/A       71%         5
 Eringya's Noxious Bog    Tmut/Pois      6%         4d6       73%         6
 Ozocubu's Refrigeration  Ice            5%         4d8       99%         7
 Summon Hydra             Summ           5%         N/A       100%        7
 Ignition                 Fire           12%        3d6       100%        8


Dungeon Overview and Level Annotations

Branches:
Dungeon (9/15)             Temple (1/1) D:5            Lair (3/5) D:9
  Snake (0/4) Lair:2          Orc (0/2) D:9         Ossuary (visited)
  Swamp: Lair:2-3    Shoals: Lair:2-3

Altars:
Ashenzari
Cheibriados
Dithmenos
Elyvilon
Fedhas
Gozag
Hepliaklqana
Kikubaaqudgha
Makhleb
Nemelex Xobeh
Okawaru
Qazlal
Ru
Sif Muna
Trog
Uskayaw
Vehumet
Wu Jian
Xom
Yredelemnul
Zin
The Shining One


Innate Abilities, Weirdness & Mutations

You are immune to sickness and miasma.
Your stone body is resilient. (AC +8)
You are immune to poison.
You resist negative energy. (rN+)
You are resistant to electric shocks. (rElec)
You are resistant to unholy torment.
You are immune to petrification.


Message History

You feel a surge of power!
The blast of sand hits the water moccasin!!
You kill the water moccasin!
Vehumet accepts your kill.
You feel your power returning.
Unknown command.
Casting: Sandblast (safe; 0% risk of failure)
Confirm with . or Enter, or press ? or * to list all spells.
Aiming: Sticky Flame (dangerous; 1% risk of failure)
Press: ? - help, Shift-Dir - straight line, f - death yak
Aim: a death yak The sticky flame hits the death yak but does no damage.
The death yak is covered in liquid flames!
The death yak burns!
You block the death yak's attack.
Unknown command.
You feel a surge of power!
The blast of sand hits the death yak!
The death yak is lightly wounded.
The death yak burns!
The death yak gores you but does no damage.
You feel a surge of power!
The blast of sand misses the death yak.
The death yak burns! x2; The death yak gores you! x2
The death yak closely misses you. The death yak gores you!
Unknown command.
The death yak burns!
The death yak attacks as it pursues you!
The death yak gores you!!
* * * LOW HITPOINT WARNING * * *
The death yak burns!
The death yak stops burning.
The death yak attacks as it pursues you!
The death yak gores you!
* * * LOW HITPOINT WARNING * * *
The death yak attacks as it pursues you!
The death yak gores you.
* * * LOW HITPOINT WARNING * * *
As you read the scroll of fear, it crumbles to dust.
You assume a fearsome visage.
The death yak resists with almost no effort.
The death yak resists with some effort.
The death yak closely misses you. The death yak gores you.
You die...

......###...............##..#
......##.................#.##
.....###...............#####
... #...............# .....
##..............##
......#..............##
#....###†...........##
.....###......^..Y.### #
.....##.###.##..@Y...##.#
........# ####......†...#
.......P# ########.......♣
........## .#.......
.........# .. .###...
.........# ... .. ..
........## ..Y. .## .
.......## ..Y.. .. .......#
...... ?.


You could see 2 death yaks.

Vanquished Creatures
  A hydra (Lair:2)
  A catoblepas (Lair:2)
  A boulder beetle (Lair:1)
  A two-headed ogre (D:8)
  2 cyclopes (D:9)
  2 black mambas (Lair:3)
  Joseph (D:7)
  A torpor snail (Lair:3)
  3 cane toads
  3 komodo dragons
  A freezing wraith (D:9)
  A troll (D:9)
  2 polar bears
  A hornet (D:9)
  9 blink frogs
  A shadow (D:9)
  A wyvern (D:7)
  34 yaks
  2 basilisks (Lair:1)
  A vampire mosquito (D:9)
  Menkaure (D:7)
  4 nagas (Lair:2)
  5 orc warriors
  8 water moccasins
  A sky beast (D:8)
  2 ice beasts
  A black bear (D:8)
  4 centaurs
  3 wolves (Lair:1)
  A phantom (D:5)
  5 elf zombies (Ossuary)
  3 kobold brigands
  7 bullfrogs
  A gnoll sergeant (D:9)
  5 scorpions
  2 killer bees
  3 howler monkeys
  An electric eel (Lair:3)
  6 centaur zombies (Ossuary)
  2 hounds
  3 jellies
  A human zombie (Ossuary)
  5 orc priests
  Jessica (D:3)
  2 gnoll boudas
  Ijyb (D:3)
  3 iguanas
  9 orc wizards
  4 mutant beasts (D:8)
  3 mummies (Ossuary)
  Robin (D:2)
  13 gnolls
  4 adders
  A white imp (D:5)
  A dart slug (D:1)
  18 orcs
  4 endoplasms
  2 giant cockroaches
  14 goblins
  7 hobgoblins
  3 quokkas
  5 ball pythons
  3 bats
  6 frilled lizards
  8 kobolds
  5 rats
261 creatures vanquished.

Vanquished Creatures (collateral kills)
  A blink frog (Lair:2)
  2 yaks
  A basilisk (Lair:1)
  A vampire mosquito (D:9)
  A water moccasin (Lair:1)
  2 killer bees (D:8)
  An orc priest (D:9)
  An orc (D:9)
  3 kobolds (D:8)
  A boulder (Lair:3)
14 creatures vanquished.

Vanquished Creatures (others)
  A boulder beetle (D:9)
  4 boulders
5 creatures vanquished.

Grand Total: 280 creatures vanquished

Notes
Turn   | Place    | Note
-------+----------+-------------------------------------------
     0 | D:1      | skewfiend the Gargoyle Earth Elementalist began the quest
                  | for the Orb.
     0 | D:1      | Reached XP level 1. HP: 10/10 MP: 3/3
   248 | D:1      | Reached skill level 4 in Earth Magic
   352 | D:1      | Reached XP level 2. HP: 15/15 MP: 3/5
   478 | D:1      | Learned a level 2 spell: Passwall
   577 | D:1      | Found a faded altar of an unknown god.
  1086 | D:2      | You fall into a shaft and drop 2 floors!
  1174 | D:4      | Reached skill level 5 in Earth Magic
  1174 | D:4      | Reached XP level 3. HP: 7/19 MP: 2/6
  1337 | D:4      | Reached XP level 4. HP: 7/24 MP: 2/8
  1774 | D:3      | Noticed Jessica
  1784 | D:3      | Killed Jessica
  1785 | D:3      | Reached skill level 6 in Earth Magic
  1785 | D:3      | Reached XP level 5. HP: 27/28 MP: 4/9
  1786 | D:3      | Noticed Ijyb
  1826 | D:3      | Killed Ijyb
  1973 | D:3      | Found a hazy altar of Hepliaklqana.
  1996 | D:3      | Learned a level 3 spell: Stone Arrow
  2062 | D:3      | Identified the ring "Cainax" {Ice Dex+4}
  2554 | D:2      | Noticed Robin
  2557 | D:2      | Killed Robin
  2814 | D:2      | Reached XP level 6. HP: 32/32 MP: 7/11
  3313 | D:4      | Reached skill level 7 in Earth Magic
  3314 | D:4      | Reached skill level 1 in Conjurations
  3596 | D:4      | Noticed a water moccasin
  3598 | D:4      | Killed a water moccasin
  3599 | D:4      | Reached XP level 7. HP: 36/36 MP: 7/13
  3604 | D:4      | Learned a level 4 spell: Brom's Barrelling Boulder
  3785 | D:5      | Entered Level 5 of the Dungeon
  3802 | D:4      | Reached skill level 8 in Earth Magic
  4060 | D:5      | Found a staircase to the Ecumenical Temple.
  4066 | Temple   | Entered the Ecumenical Temple
  4109 | Temple   | Became a worshipper of Vehumet
  4249 | D:5      | Found a white marble altar of Elyvilon.
  4364 | D:5      | Reached skill level 9 in Earth Magic
  4471 | D:5      | Reached XP level 8. HP: 41/41 MP: 13/15
  4720 | D:6      | Reached skill level 5 in Spellcasting
  5537 | D:6      | Found a sacrificial altar of Ru.
  5537 | D:6      | Found a blossoming altar of Fedhas.
  6008 | D:7      | Noticed Menkaure
  6012 | D:7      | Killed Menkaure
  6013 | D:7      | Reached skill level 10 in Earth Magic
  6605 | D:7      | Noticed a wyvern
  6605 | D:7      | Noticed Joseph
  6613 | D:7      | Killed a wyvern
  6614 | D:7      | Reached XP level 9. HP: 31/45 MP: 9/18
  6617 | D:7      | Killed Joseph
  6618 | D:7      | Reached skill level 11 in Earth Magic
  7054 | D:8      | Found a sand-covered staircase.
  7083 | D:8      | Reached * piety under Vehumet
  7083 | D:8      | Offered knowledge of Magic Dart by Vehumet.
  7189 | Ossuary  | Entered an ossuary
  7256 | Ossuary  | Reached skill level 12 in Earth Magic
  7581 | D:8      | Noticed a juvenile oxsting beast
  7599 | D:8      | Reached skill level 5 in Conjurations
  7602 | D:8      | Killed a juvenile oxsting beast
  7603 | D:8      | Reached XP level 10. HP: 51/51 MP: 11/21
  7838 | D:8      | Reached skill level 13 in Earth Magic
  7850 | D:8      | Learned a level 4 spell: Animate Armour
  8123 | D:8      | Reached ** piety under Vehumet
  8123 | D:8      | Offered knowledge of Shock by Vehumet.
  8286 | D:8      | Noticed a two-headed ogre
  8296 | D:8      | Killed a two-headed ogre
  8482 | D:9      | Reached skill level 14 in Earth Magic
  8483 | D:9      | HP: 1/51 [yak (8)]
  8493 | D:8      | Learned a level 4 spell: Sticky Flame
  8663 | D:9      | Noticed a cyclops
  8671 | D:9      | Killed a cyclops
  8672 | D:9      | Reached skill level 1 in Fighting
  8775 | D:9      | Noticed a boulder beetle
  8790 | D:9      | Noticed a cyclops
  8798 | D:9      | Reached XP level 11. HP: 9/56 MP: 11/23
  9082 | D:9      | Killed a cyclops
  9305 | D:9      | Reached skill level 15 in Earth Magic
  9529 | D:9      | Found a staircase to the Orcish Mines.
  9574 | D:9      | Offered knowledge of Dazzling Flash by Vehumet.
  9661 | D:9      | Found a staircase to the Lair.
  9996 | Lair:1   | Entered Level 1 of the Lair of Beasts
 10016 | Lair:1   | Reached skill level 1 in Fire Magic
 10236 | Lair:1   | Reached *** piety under Vehumet
 10599 | Lair:1   | Noticed a boulder beetle
 10619 | Lair:1   | Killed a boulder beetle
 10766 | Lair:1   | Offered knowledge of Olgreb's Toxic Radiance by Vehumet.
 11102 | Lair:1   | Reached skill level 10 in Spellcasting
 11182 | Lair:1   | Reached skill level 16 in Earth Magic
 11315 | Lair:2   | Reached XP level 12. HP: 31/62 MP: 1/26
 11322 | Lair:2   | Reached skill level 1 in Armour
 11322 | Lair:2   | Reached skill level 1 in Shields
 11632 | Lair:2   | Upgraded the game from 0.31-a0-983-g7b6862f to
                  | 0.31-a0-986-g5e6e4ef
 11632 | Lair:2   | Upgraded the game from 0.31-a0-986-g5e6e4ef to
                  | 0.31-a0-988-g08d55da
 11701 | Lair:2   | Found a staircase to the Snake Pit.
 11796 | Lair:2   | Reached **** piety under Vehumet
 11854 | Lair:2   | Noticed a catoblepas
 11885 | Lair:2   | Killed a catoblepas
 12158 | Lair:2   | Noticed a seven-headed hydra
 12169 | Lair:2   | Killed a seven-headed hydra
 12621 | Lair:3   | Offered knowledge of Volatile Blastmotes by Vehumet.
 13259 | Lair:3   | Learned a level 8 spell: Lehudib's Crystal Spear
 13445 | Lair:3   | Noticed a death yak
 13445 | Lair:3   | Noticed a death yak
 13455 | Lair:3   | HP: 3/67 [death yak (6)]
 13456 | Lair:3   | Slain by a death yak

Illustrated notes

Levels and vault maps discovered:
D:1:      lightli_arrival_chessboard, layout_loops_corners,
          hellmonk_ecumenical_altar_heavens_door
D:2:      layout_basic, wander_ebering_terrifying_dragon_lair, uniq_robin
D:3:      layout_loops_cross, nicolae_hepliaklqana_hazy_memory, uniq_ijyb,
          uniq_jessica
D:4:      layout_loops_cross, hangedman_decor_push, nicolae_zen_rock_garden
D:5:      layout_cave_pools, mainiacjoe_overflow_small_starburst, temple_green
D:6:      layout_loops_corners, gammafunk_temple_overflow_wave
D:7:      layout_basic, minmay_liquid_box, minmay_misc_feat_plants,
          kennysheep_opposing_triangles, uniq_menkaure, uniq_joseph
D:8:      layout_rooms, nicolae_ossuary_entry_false_entrances,
          nicolae_beast_mode
D:9:      minmay_the_grid_triangle_9x9_recursive_2
          [minmay_the_grid_triangle_9x9_prize_insulated,
          minmay_the_grid_triangle_9x9_zippers_horizontal,
          minmay_the_grid_triangle_9x9_negative_grid,
          minmay_the_grid_triangle_9x9_sparse_checkered], layout_cave_pools,
          dpeg_oklobed_lair
Temple:   regret_index_temple_chain_breaker
Lair:1:   layout_regular_city, minivault_19, grunt_megastairs_4
Lair:2:   layout_roguey, minmay_snake_entry_guardpost_small
Lair:3:   layout_cave_pods, nicolae_swamp_entry_spooky, serial_bayou_shore_a

Skill      XL: |  1  2  3  4  5  6  7  8  9 10 11 12 |
---------------+-------------------------------------+-----
Earth Magic    | 4 5 6 7 9 10 12 14 16 | 16.6
Spellcasting   | 3 4 6 7 8 10 | 10.5
Conjurations   | 1 2 3 5 6 7 9 |  9.4
Fighting       | 1 2 4 |  4.5
Fire Magic     | 3 |  3.0
Armour         | 4 |  4.0
Shields        | 3 |  3.8
Dodging        | |  1.5
Stealth        | |  2.1
Transmutations | |  0.7

Action                     |  1- 3 |  4- 6 |  7- 9 | 10-12 || total
---------------------------+-------+-------+-------+-------++-------
  Melee: Whip              |     5 |       |       |       ||     5
         Short sword       |     1 |       |       |       ||     1
         Quarterstaff      |       |     5 |       |       ||     5
         Club              |       |     3 |       |       ||     3
         Trident           |       |       |     6 |       ||     6
         Staff             |       |       |     6 |    23 ||    29
  Throw: Stone             |     2 |     2 |     2 |       ||     6
   Cast: Sandblast         |    27 |    72 |   156 |   250 ||   505
         Stone Arrow       |       |     1 |    13 |    62 ||    76
         Brom's Barrelling |       |       |     1 |    10 ||    11
         Animate Armour    |       |       |       |    31 ||    31
         Sticky Flame      |       |       |       |     7 ||     7
  Evoke: Wand              |       |       |       |     6 ||     6
         Box of beasts     |       |       |       |     1 ||     1
    Use: Scroll            |       |       |    13 |     5 ||    18
         Potion            |       |       |     4 |     2 ||     6
   Stab: Distracted        |       |       |       |     1 ||     1
 Armour: Leather armour    |     9 |    31 |    68 |       ||   108
         Ring mail         |       |       |    40 |    62 ||   102
         Troll leather arm |       |       |       |   201 ||   201
  Dodge: Dodged            |     4 |    24 |    66 |   139 ||   233
  Block: Buckler           |       |       |     6 |    43 ||    49

Table legend: (Time is in decaauts)
 A = Elapsed time spent in this place.
 B = Non-inter-level travel time spent in this place.
 C = Inter-level travel time spent in this place.
 D = Time resting spent in this place.
 E = Time spent auto-exploring this place.
 F = Levels seen in this place.
 G = Mean time per level.
                   A        B        C        D        E       F      G
               +--------+--------+--------+--------+--------+-----+--------+
         Total |  13719 |  13076 |    643 |    748 |   9847 |  14 |  979.9 |
       Dungeon |   9740 |   9372 |    368 |    702 |   7038 |   9 | 1082.2 |
        Temple |     58 |     10 |     48 |      0 |      0 |   1 |   58.0 |
          Lair |   3549 |   3324 |    225 |     46 |   2575 |   3 | 1183.0 |
       Ossuary |    371 |    371 |      0 |      0 |    234 |   1 |  371.0 |
               +--------+--------+--------+--------+--------+-----+--------+

Top non-repeatable levels by time:
     D:8: 1419 daAuts
  Lair:2: 1275 daAuts
     D:7: 1256 daAuts
     D:9: 1245 daAuts
  Lair:1: 1238 daAuts
     D:4: 1187 daAuts
     D:6: 1144 daAuts
     D:1: 1073 daAuts
  Lair:3: 1036 daAuts
     D:3: 904 daAuts
     D:2: 813 daAuts
     D:5: 696 daAuts
 Ossuary: 371 daAuts
  Temple: 58 daAuts
